 Dungeon Crawl Stone Soup version 0.30-a0-1112-gfb780f5df6 (webtiles) character file.

Game seed: 5009462609950940883

1429 demibob the Cruncher (level 8, -11/52 HPs)
             Began as a Demonspawn Wanderer on Apr 20, 2023.
             Was an Initiate of Gozag.
             Mangled by a two-headed ogre
             ... wielding a +0 giant club
              (21 damage)
             ... on level 6 of the Dungeon.
             The game lasted 00:08:02 (7270 turns).

demibob the Cruncher (Demonspawn Wanderer)          Turns: 7270, Time: 00:08:03

Health: -11/52     AC:  5    Str: 13    XL:     8   Next: 44%
Magic:  0/12       EV: 11    Int: 23    God:    Gozag
Gold:   766        SH:  0    Dex: 11    Spells: 10/13 levels left

rFire   . . .      SeeInvis .    a - +3 quarterstaff (elec)
rCold   . . .      Faith    .    (shield currently unavailable)
rNeg    . . .      Spirit   +    d - +0 robe
rPois   +          Reflect  .    (helmet restricted)
rElec   .          Rampage  .    (no cloak)
rCorr   .                        h - +1 pair of gloves
Will    .....                    l - +0 pair of boots
Stlth   +                        g - amulet of guardian spirit
HPRegen 0.28/turn                P - ring of poison resistance
MPRegen 0.13/turn                I - +6 ring of intelligence

@: gold aura
A: horns 1, sturdy frame 1, demonic magic 2
a: Renounce Religion, Potion Petition, Call Merchant, Bribe Branch


You were on level 6 of the Dungeon.
You worshipped Gozag.
Gozag was pleased with you.
You visited 1 branch of the dungeon, and saw 6 of its levels.
You also visited: Sewer.

You collected 795 gold pieces.
You paid 29 gold pieces to Gozag.


Innate Abilities, Weirdness & Mutations

You have a pair of small horns on your head.
Your movements are slightly less encumbered by armour. (ER -2)
Spells you cast may paralyse nearby enemies.


   Skills:
 + Level 9.7 Staves
 + Level 2.3 Armour
 - Level 1.0 Dodging
 - Level 1.0 Stealth
 - Level 3.0 Spellcasting
 - Level 1.0 Evocations


You had 10 spell levels left.
You knew the following spells:

 Your Spells              Type           Power      Damage    Failure   Level
f - Foxfire               Conj/Fire      12%        2x1d4     12%         1
w - Wereblood             Tmut           3%         N/A       17%         2

Your spell library contained the following spells:

 Spells                   Type           Power      Damage    Failure   Level
 Necrotise                Necr           12%        1d4       12%         1
 Ensorcelled Hibernation  Hex/Ice        6%         N/A       17%         2
 Sublimation of Blood     Necr           3%         N/A       17%         2
 Spider Form              Tmut/Pois      3%         N/A       34%         3
 Vampiric Draining        Necr           3%         2d6       34%         3
 Volatile Blastmotes      Fire/Tloc      6%         2d10      34%         3
 Anguish                  Hex/Necr       1%         N/A       75%         4
 Agony                    Necr           3%         N/A       97%         5
 Summon Hydra             Summ           1%         N/A       100%        7

Inventory:

Hand Weapons
 a - a +3 quarterstaff of electrocution (weapon)
Armour
 d - a +0 robe (worn)
 h - a +1 pair of gloves (worn)
 l - a +0 pair of boots (worn)
Magical Staves
 f - a staff of cold {!a}
 i - a staff of conjuration {!a}
Jewellery
 g - an amulet of guardian spirit (around neck)
 F - a ring of fire
 I - a +6 ring of intelligence (right hand)
 P - a ring of poison resistance (left hand)
 R - a ring of resist corrosion
Wands
 j - a wand of polymorph (5)
 n - a wand of mindburst (15)
Scrolls
 m - a scroll of amnesia
Potions
 c - a potion of attraction
 e - a potion of resistance
 k - a potion of haste {@q3}
 p - 2 potions of invisibility

Dungeon Overview and Level Annotations

Branches:
Dungeon (6/15)             Temple (0/1) D:5           Sewer (visited)

Altars:
Gozag
Wu Jian

Shops:
D:4

[ #.......##.## ###
##.....###.## .[#
##...## #.## #.#
##'## #... #)# #.#
#### #o# #.# # #o#
##.## #O# ####...##
####@###.......#
#......).##...##
#.##.....###..#######
# #####.# ##........
#.# ######### #.# ..#
###


You could see a two-headed ogre and 2 orcs.


Message History

The orc's mind is blasted!
You blow up the orc!
The orc shouts!
Aiming: Mindburst
Press: ? - help, Shift-Dir - straight line, f - two-headed ogre
Aim: a two-headed ogre, wielding a +0 giant club and a +0 great mace (chance to affect: 51%)
The two-headed ogre resists with significant effort.
Aiming: Mindburst
Press: ? - help, Shift-Dir - straight line, f/p - two-headed ogre
Aim: a two-headed ogre, wielding a +0 giant club and a +0 great mace (chance to affect: 51%)
The two-headed ogre resists with significant effort.
You hear a shout!
An orc comes into view. It is wielding a +0 club.
Aiming: Mindburst
Press: ? - help, Shift-Dir - straight line, f/p - two-headed ogre
Aim: a two-headed ogre, wielding a +0 giant club and a +0 great mace (chance to affect: 51%)
The two-headed ogre resists with significant effort.
You sock the two-headed ogre!
Lightning courses through the two-headed ogre!
The two-headed ogre is heavily wounded.
The two-headed ogre hits you with a +0 giant club!
The two-headed ogre hits you with a +0 great mace!!
* * * LOW HITPOINT WARNING * * *
You are too injured to fight recklessly!
You feel better.
The two-headed ogre hits you with a +0 giant club!!
* * * LOW HITPOINT WARNING * * *
The two-headed ogre hits you with a +0 great mace!!
You die...
Your body crumbles into a pile of gold.

Skill      XL: |  1  2  3  4  5  6  7  8 |
---------------+-------------------------+-----
Staves         | 3 4 5 6 7 9 |  9.7
Armour         | 2 |  2.3
Dodging        | |  1.0
Stealth        | |  1.0
Spellcasting   | |  3.0
Evocations     | |  1.0

Action                     |  1- 3 |  4- 6 |  7- 9 || total
---------------------------+-------+-------+-------++-------
  Melee: Quarterstaff      |   119 |   148 |   241 ||   508
         Unarmed           |       |     1 |       ||     1
         Headbutt          |       |       |     9 ||     9
  Evoke: Wand              |       |       |     6 ||     6
    Use: Scroll            |     5 |     2 |     4 ||    11
         Potion            |     3 |     2 |     3 ||     8
   Stab: Sleeping          |     3 |     2 |       ||     5
 Armour: Robe              |    42 |    36 |    41 ||   119
  Dodge: Dodged            |    65 |    81 |   107 ||   253

Levels and vault maps discovered:
D:1:      shiori_arrival_maze, layout_loops_ring, fountainhead
D:2:      layout_basic, palyth_stone_intersect, chequers_serial_rivers_small_3,
          dilly_guarded_unrand_morg, uniq_robin
D:3:      layout_basic, mainiacjoe_overflow_surrounded_room,
          chequers_serial_rivers_small_3, dreamdust_princess_bridge,
          minmay_lizard_king, uniq_sigmund, uniq_jessica
D:4:      nicolae_cairo_tiling_large, layout_basic,
          mainiacjoe_overflow_alcove_1, serial_shops, shop_coins
D:5:      layout_loops_corners, minmay_temple_entry_gardened_gates,
          gup_sewer_entry_spiral, skrybe_limestone_x
D:6:      layout_loops_corners, elyvilon_altar_3, minmay_door_square,
          uniq_grinder

Notes
Turn   | Place    | Note
-------+----------+-------------------------------------------
     0 | D:1      | demibob the Demonspawn Wanderer began the quest for the
                  | Orb.
     0 | D:1      | demibob set off with the following items: a +2
                  | quarterstaff, a +0 helmet, a potion of curing {@q1}, a +0
                  | robe; and the following spell memorised: Foxfire; and the
                  | following spells available to memorise: Volatile
                  | Blastmotes.
     0 | D:1      | Reached XP level 1. HP: 13/13 MP: 4/4
    58 | D:1      | Reached skill level 3 in Staves
    63 | D:1      | HP: 1/13 [hobgoblin (3)]
   153 | D:1      | Gained mutation: Spells you cast may paralyse adjacent
                  | enemies. [demonic ancestry]
   153 | D:1      | Reached XP level 2. HP: 14/19 MP: 6/6
   789 | D:1      | Gained mutation: Your movements are slightly less
                  | encumbered by armour. (ER -2) [demonic ancestry]
   789 | D:1      | Reached XP level 3. HP: 24/24 MP: 7/7
  1240 | D:2      | Reached skill level 4 in Staves
  1396 | D:2      | Noticed Robin
  1425 | D:2      | Killed Robin
  1426 | D:2      | Reached XP level 4. HP: 6/30 MP: 8/8
  1756 | D:2      | Identified the +3 dagger of Duty {pain, Drain rElec rF+
                  | rC++}
  1807 | D:2      | Noticed Natasha
  1819 | D:2      | Killed Natasha
  1820 | D:2      | Reached skill level 5 in Staves
  2149 | D:2      | Noticed Natasha
  2156 | D:2      | Killed Natasha
  2157 | D:2      | Reached XP level 5. HP: 23/35 MP: 9/9
  2325 | D:2      | Identified a potion of resistance
  2571 | D:3      | Learned a level 2 spell: Wereblood
  2594 | D:3      | Noticed Sigmund
  2960 | D:3      | Noticed Jessica
  2972 | D:3      | Killed Jessica
  3039 | D:3      | Found an opulent altar of Gozag.
  3067 | D:3      | Became a worshipper of Gozag Ym Sagoz the Greedy
  3127 | D:3      | Killed Sigmund
  3128 | D:3      | Reached skill level 6 in Staves
  3128 | D:3      | Gained mutation: Spells you cast may paralyse nearby
                  | enemies. [demonic ancestry]
  3128 | D:3      | Reached XP level 6. HP: 33/41 MP: 8/10
  3475 | D:4      | Found Solow's Armour Shoppe.
  3577 | D:4      | Found an ornate altar of the Wu Jian Council.
  3615 | D:4      | Reached skill level 7 in Staves
  3822 | D:4      | Reached XP level 7. HP: 24/46 MP: 6/11
  4709 | D:5      | Entered Level 5 of the Dungeon
  4833 | D:5      | Found a staircase to the Ecumenical Temple.
  4862 | D:5      | Reached skill level 8 in Staves
  5042 | D:5      | Found a glowing drain.
  5046 | Sewer    | Entered a sewer
  5694 | Sewer    | Reached skill level 9 in Staves
  5694 | Sewer    | Gained mutation: You have a pair of small horns on your
                  | head. [demonic ancestry]
  5694 | Sewer    | Reached XP level 8. HP: 22/52 MP: 2/12
  7131 | D:6      | Reached skill level 2 in Armour
  7263 | D:6      | Noticed a two-headed ogre
  7270 | D:6      | Mangled by a two-headed ogre

Vanquished Creatures
  Sigmund (D:3)
  2 black bears
  2 ogres
  5 kobold brigands (Sewer)
  2 hounds (D:5)
  An orc priest (D:5)
  Jessica (D:3)
  A sleepcap (D:4)
  Natasha (twice) (D:2)
  3 iguanas
  An orc wizard (D:5)
  Robin (D:2)
  7 adders
  2 river rats
  A shadow imp (D:6)
  A white imp (D:5)
  2 adder skeletons (D:2)
  8 worms
  3 dart slugs
  6 orcs
  4 endoplasms
  3 giant cockroaches
  14 goblins
  11 hobgoblins
  6 jackals
  16 kobolds
  7 quokkas
  9 ball pythons
  2 ball python skeletons (D:2)
  4 bats
  15 frilled lizards
  A quokka zombie (D:2)
  13 rats
157 creatures vanquished.

Vanquished Creatures (others)
  7 plants
  22 withered plants (D:2)
29 creatures vanquished.

Grand Total: 186 creatures vanquished

Table legend: (Time is in decaauts)
 A = Elapsed time spent in this place.
 B = Non-inter-level travel time spent in this place.
 C = Inter-level travel time spent in this place.
 D = Time resting spent in this place.
 E = Time spent auto-exploring this place.
 F = Levels seen in this place.
 G = Mean time per level.
                   A        B        C        D        E       F      G
               +--------+--------+--------+--------+--------+-----+--------+
         Total |   7477 |   7258 |    219 |    461 |   5620 |   7 | 1068.1 |
       Dungeon |   6140 |   5921 |    219 |    448 |   4580 |   6 | 1023.3 |
         Sewer |   1337 |   1337 |      0 |     12 |   1040 |   1 | 1337.0 |
               +--------+--------+--------+--------+--------+-----+--------+

Top non-repeatable levels by time:
     D:2: 1413 daAuts
   Sewer: 1337 daAuts
     D:4: 1271 daAuts
     D:5: 1254 daAuts
     D:1: 1042 daAuts
     D:3: 988 daAuts
     D:6: 168 daAuts

Table legend:
 A = Non-vault XP
 B = Vault XP
 C = Vault XP percentage of total XP
 D = Non-vault monster count
 E = Vault monster count
 F = Vault count percentage of total count
                 A         B        C        D         E       F
            +---------+---------+-------+---------+---------+-------
      Total |    1083 |     959 |  47.0 |      91 |      66 |  42.0
            +---------+---------+-------+---------+---------+-------
        D:1 |      37 |       4 |   9.8 |      23 |       2 |   8.0
        D:2 |      76 |      82 |  51.9 |      22 |      17 |  43.6
        D:3 |      73 |     270 |  78.7 |      15 |      12 |  44.4
        D:4 |     380 |       0 |   0.0 |       9 |       0 |   0.0
        D:5 |     372 |      33 |   8.1 |      19 |       7 |  26.9
        D:6 |     145 |       0 |   0.0 |       3 |       0 |   0.0
      Sewer |       0 |     570 | 100.0 |       0 |      28 | 100.0
            +---------+---------+-------+---------+---------+-------
